 Dungeon Crawl Stone Soup version 0.13-a0-1585-g6f4f798 (webtiles) character file.

89 Kae the Cudgeler (level 3, 0/33 HPs)
             Began as a Minotaur Berserker on June 12, 2013.
             Was a Believer of Trog.
             Slain by Sigmund
             ... wielding a +3,+1 scythe of slicing
              (8 damage)
             ... on Level 2 of the Dungeon.
             The game lasted 00:00:48 (706 turns).

Kae the Cudgeler (Minotaur Berserker)                Turns: 706, Time: 00:00:48

HP   0/33        AC  5     Str 21      XL: 3   Next: 32%
MP   1/1         EV 10     Int  4      God: Trog [**....]
Gold 48          SH  0     Dex 10      Spells:  0 memorised,  2 levels left

Res.Fire  : . . .   See Invis. : .   a - +0 mace
Res.Cold  : . . .   Warding    : .   f - +0 ring mail
Life Prot.: . . .   Conserve   : .   (no shield)
Res.Poison: .       Res.Corr.  : .   (helmet restricted)
Res.Elec. : .       Clarity    : .   (no cloak)
Sust.Abil.: . .     Spirit.Shd : .   (no gloves)
Res.Mut.  : .       Stasis     : .   (no boots)
Res.Rott. : .       Flight     : .   (no amulet)
Saprovore : . . .                    (no ring)
                                     (no ring)

@: not resistant to hostile enchantments, extremely unstealthy
A: retaliatory headbutt, horns 2
a: Burn Spellbooks, Berserk, Trog's Hand, Renounce Religion


You were on level 2 of the Dungeon.
You worshipped Trog.
Trog was most pleased with you.
You were not hungry.

You visited 1 branch of the dungeon, and saw 2 of its levels.

You collected 28 gold pieces.

Inventory:

Hand weapons
 a - a +0,+0 mace (weapon)
Armour
 b - a +0 animal skin
 f - a +0 ring mail (worn)
Comestibles
 c - 2 bread rations
 k - 2 apples
 s - a chunk of bat flesh
Scrolls
 e - a scroll of magic mapping {unknown}
 h - 2 scrolls of fog {unknown}
 l - a scroll of identify {unknown}
 n - a scroll of teleportation {unknown}
 o - a scroll of enchant weapon I {unknown}
 q - a scroll of remove curse {unknown}
 r - a scroll of recharging {unknown}
Jewellery
 i - an uncursed ring of ice {unknown}
 m - an uncursed ring of protection from fire {unknown}
Potions
 d - a potion of invisibility {unknown}
 g - a potion of might {unknown}
 j - 3 potions of curing {unknown}
 p - a potion of flight {unknown}
 t - a potion of agility {unknown}


   Skills:
 + Level 4.2 Fighting
 * Level 4.5 Maces & Flails
 + Level 2.7 Armour
 + Level 2.5 Dodging


You had 2 spell levels left.
You didn't know any spells.

Dungeon Overview and Level Annotations

Branches:
Dungeon (2/27)

Altars:
Ashenzari

Annotations
D:2 Sigmund


Innate Abilities, Weirdness & Mutations

You reflexively headbutt those who attack you in melee.
You have a pair of horns on your head.


Message History

You are too injured to fight recklessly!
You are too injured to fight recklessly!
You are too injured to fight recklessly!
You are too injured to fight recklessly!
You are too injured to fight recklessly!
You are too injured to fight recklessly!
It hits you.
* * * LOW HITPOINT WARNING * * *
The goblin shoots a sling bullet.
The sling bullet hits you!
* * * LOW HITPOINT WARNING * * *
A rat comes into view.
You see here a sling bullet.
The goblin shoots a sling bullet.
The sling bullet misses you.
Found a red potion.
The goblin closely misses you.
You closely miss the goblin. You headbutt the goblin.
You kill the goblin!
Trog accepts your kill. It hits you!
You die...

.........# ...
.........## . !..# ..
..........##.##..# ..
..........##.##..##.###
..........##.#.........#
........)..............#
..........##.#.........#
.....[..####.#.........#
.........((.....@)#
####....#..(......#
#....#.....(...#
.......#.(..(....#
.........(.......r...
##....#.........##..
#....#.........# .
....#.........#
.............


You could see a rat.

Vanquished Creatures
  Jessica (D:2)
  2 goblins
  4 hobgoblins (D:1)
  4 bats
  2 giant newts
  4 jackals (D:1)
  6 kobolds
  2 rats
25 creatures vanquished.

Notes
Turn   | Place    | Note
--------------------------------------------------------------
     0 | D:1      | Kae, the Minotaur Berserker, began the quest for the Orb.
     0 | D:1      | Reached XP level 1. HP: 19/19 MP: 0/0
   289 | D:1      | Reached XP level 2. HP: 24/26 MP: 0/0
   297 | D:1      | Reached skill level 4 in Maces & Flails
   444 | D:1      | Acquired Trog's second power
   584 | D:2      | Found a shattered altar of Ashenzari.
   600 | D:2      | Noticed Jessica
   605 | D:2      | Killed Jessica
   605 | D:2      | Reached XP level 3. HP: 33/33 MP: 1/1
   700 | D:2      | Noticed Sigmund
   706 | D:2      | Slain by Sigmund

Action                   || total
-------------------------++-------
Melee: Mace              ||    45
